 Dungeon Crawl Stone Soup version 0.14-a0-3337-gf4615ed (webtiles) character file.

3659 Quh the Conjurer (level 9, -1/47 HPs)
             Began as a Deep Elf Conjurer on Mar 11, 2014.
             Was a Believer of Vehumet.
             Slain by an ice beast (16 damage)
             ... on Level 9 of the Dungeon on Mar 16, 2014.
             The game lasted 00:50:45 (7805 turns).

Quh the Conjurer (Deep Elf Conjurer)                Turns: 7805, Time: 00:50:45

HP  -1/47        AC  9     Str  8      XL: 9   Next: 67%
MP   1/25        EV 18     Int 21      God: Vehumet [**....]
Gold 404         SH  0     Dex 15      Spells:  7 memorised,  2 levels left

rFire  + . .     SeeInvis .     d - +1,+2 sling (evade)
rCold  x . .     Clarity  .     a - +1 robe
rNeg   . . .     Conserve .     (no shield)
rPois  .         rCorr    .     y - +1 helmet
rElec  .         rRot     .     (no cloak)
SustAb . .       Spirit   .     (no gloves)
rMut   .         Warding  .     C - +0 pair of boots
Saprov . . .     Stasis   .     (no amulet)
MR     .....                    z - ring of fire
                                P - +3 ring of protection

@: not resistant to hostile enchantments, fairly stealthy
A: no striking features
a: Renounce Religion


You were on level 9 of the Dungeon.
You worshipped Vehumet.
Vehumet was pleased with you.
You were very hungry.

You visited 2 branches of the dungeon, and saw 10 of its levels.

You collected 404 gold pieces.

Inventory:

Hand weapons
 d - a +1,+2 sling of evasion (weapon)
 f - a +0,+1 spear
 i - a cursed -1,-1 dagger
 K - a +0,+0 scimitar
 S - a +0,+2 dire flail of protection
Armour
 a - a +1 robe (worn)
 y - a +1 helmet (worn)
 C - a +0 pair of boots (worn)
 J - a +0 robe
Magical devices
 A - a wand of disintegration (8) {unknown}
 F - a wand of random effects (10) {unknown}
Comestibles
 b - 6 bread rations
 g - 3 pears
 h - 2 beef jerkies
 o - a slice of pizza
 p - an apple
 s - 10 strawberries
 O - a choko
 R - 6 cheeses
Scrolls
 e - 2 scrolls of magic mapping
 l - 3 scrolls of teleportation
 q - 3 scrolls of enchant weapon I
 r - 3 scrolls of fear
 t - 3 scrolls of immolation {unknown}
 u - 2 scrolls of fog
 v - 3 scrolls of identify
 w - 7 scrolls of remove curse
 x - 2 scrolls of noise {unknown}
 B - a scroll of amnesia {unknown}
 G - a scroll of recharging {unknown}
 M - a scroll of vulnerability {unknown}
Jewellery
 k - an uncursed ring of teleportation
 z - a ring of fire (right hand)
 P - a +3 ring of protection (left hand)
 T - an uncursed ring of magical power {unknown}
Potions
 j - 4 potions of brilliance
 m - 3 potions of heal wounds
 n - 2 potions of curing
 D - a potion of agility
 E - a potion of restore abilities
 I - a potion of mutation {unknown}
 L - a potion of poison {unknown}
 N - a potion of haste {unknown}
Books
 c - a book of Conjurations

   Spells                             Type                      Level
   *Magic Dart                        Conjuration                  1
   *Searing Ray                       Conjuration                  2
   Dazzling Spray                     Conjuration/Hexes            3
   Fulminant Prism                    Conjuration/Hexes            4
   Iskenderun's Mystic Blast          Conjuration                  4
   *Iskenderun's Battlesphere         Conjuration/Charms           5
 H - a book of War Chants

   Spells                             Type                      Level
   Fire Brand                         Charms/Fire                  2
   Freezing Aura                      Charms/Ice                   2
   *Shroud of Golubria                Charms/Translocation         2
   *Repel Missiles                    Charms/Air                   2
   Poison Weapon                      Charms/Poison                3
   *Regeneration                      Charms/Necromancy            3
 Q - a book of Summonings

   Spells                             Type                      Level
   Abjuration                         Summoning                    3
   Recall                             Summoning/Translocation      3
   Summon Elemental                   Summoning                    4
   Shadow Creatures                   Summoning                    5
   Summon Demon                       Summoning                    5
   Monstrous Menagerie                Summoning                    6


   Skills:
 + Level 1.4 Fighting
 - Level 2.4 Dodging
 - Level 2.4 Stealth
 + Level 5.6 Spellcasting
 + Level 12.0 Conjurations
 - Level 10.0 Charms
 + Level 2.8 Translocations


You had 2 spell levels left.
You knew the following spells:

 Your Spells              Type           Power        Failure   Level  Hunger
a - Magic Dart            Conj           ####         1%          1    None
b - Searing Ray           Conj           ######       1%          2    None
c - Iskenderun's Battles  Conj/Chrm      ######..     3%          5    #####..
d - Repel Missiles        Chrm/Air       ####..       1%          2    None
e - Shroud of Golubria    Chrm/Tloc      ####......   1%          2    None
f - Regeneration          Chrm/Necr      ####......   4%          3    ##.....
g - Throw Flame           Conj/Fire      #####.       1%          2    None


Dungeon Overview and Level Annotations

Branches:
Dungeon (9/16)             Temple (1/1) D:4
    Orc: D:9-12        Lair: D:8-11

Altars:
Ashenzari
Cheibriados
Dithmenos
Elyvilon
Fedhas
Kikubaaqudgha
Makhleb
Nemelex Xobeh
Okawaru
Sif Muna
Trog
Vehumet
Xom
Yredelemnul
Zin
The Shining One

Shops:
D:5 *


Message History

Aiming: Magic Dart
Press: ? - help, Shift-Dir - straight line, f/p - ice beast
Aim: an ice beast (moderately wounded)
The magic dart hits the orc warrior.
The orc warrior is almost dead.
Your battlesphere fires!
The barrage of energy hits the ice beast.
The ice beast is almost dead.
Your battlesphere expends the last of its energy and dissipates.
The orc warrior hits you with a scimitar.
Casting: Magic Dart
Confirm with . or Enter, or press ? or * to list all spells.
Aiming: Searing Ray
Press: ? - help, Shift-Dir - straight line, f/p - ice beast
Aim: an ice beast (severely wounded)
The searing ray hits the orc warrior.
The orc warrior is severely wounded.
The orc warrior hits you with a scimitar!
The ice beast hits you. The ice beast freezes you!
You feel a terrible chill!
You die...

#....# ..... #....##......#
#..[.'[.[....# #...)##.####.#
##...# .. #####...# .#
#.......####+##
#.....oI#.....#
#......@#.....#
.........'.....+
#####...#.....#######
#...#.).........#
###############.#
#################### #.#
........#..........# #.#
#######.#.########.#########.#
....# #.#.#<# #...........#


You could see an orc warrior and an ice beast.

Vanquished Creatures
  Prince Ribbit (D:5)
  A hill giant zombie (D:7)
  A human (D:7)
  A hog (D:7)
  2 hippogriffs (D:8)
  A water moccasin (D:6)
  An orc warrior (D:7)
  A centaur (D:8)
  An ice beast (D:8)
  An ogre (D:5)
  2 sky beasts
  10 giant frogs
  Blork the orc (D:6)
  A scorpion (D:5)
  4 wights (D:8)
  A crimson imp (D:8)
  2 hounds
  2 orc priests
  3 jellies
  5 iguanas
  2 orc wizards
  A worker ant (D:7)
  A killer bee zombie (D:6)
  3 sheep (D:7)
  An ogre zombie (D:8)
  9 adders
  3 gnolls (D:4)
  3 shadow imps
  5 worms
  An orc zombie (D:7)
  An adder skeleton (D:7)
  3 giant eyeballs
  3 giant geckos
  2 oozes
  16 orcs
  A bat skeleton (D:6)
  12 goblins
  10 hobgoblins
  9 jackals
  2 quokkas
  17 bats
  4 giant cockroaches
  4 giant newts
  A giant newt skeleton (D:4)
  A giant spore (D:4)
  8 kobolds
  A quokka zombie (D:8)
  26 rats
  2 ballistomycetes (D:4)
194 creatures vanquished.

Vanquished Creatures (others)
  A wizard (D:7)
  A giant spore (D:4)
  A rat (D:4)
3 creatures vanquished.

Grand Total: 197 creatures vanquished

Notes
Turn   | Place    | Note
--------------------------------------------------------------
     0 | D:1      | Quh, the Deep Elf Conjurer, began the quest for the Orb.
     0 | D:1      | Reached XP level 1. HP: 10/10 MP: 5/5
   182 | D:1      | Reached XP level 2. HP: 15/15 MP: 1/8
   271 | D:1      | Reached skill level 5 in Conjurations
   304 | D:1      | Upgraded the game from 0.14-a0-3194-g0089908 to 0.14-a0-3337-gf4615ed
   314 | D:1      | Learned a level 2 spell: Searing Ray
   567 | D:1      | Reached XP level 3. HP: 19/19 MP: 2/10
  1507 | D:2      | Reached skill level 6 in Conjurations
  1612 | D:2      | Found a blossoming altar of Fedhas.
  1614 | D:2      | Found an ancient bone altar of Kikubaaqudgha.
  1617 | D:2      | Found a bloodstained altar of Trog.
  1737 | D:3      | Found a shadowy altar of Dithmenos.
  1737 | D:3      | Found a basalt altar of Yredelemnul.
  1737 | D:3      | Found a deep blue altar of Sif Muna.
  1741 | D:3      | Found an iron altar of Okawaru.
  1743 | D:3      | Found a sparkling altar of Nemelex Xobeh.
  1804 | D:3      | Reached XP level 4. HP: 24/24 MP: 7/13
  3001 | D:4      | Reached skill level 7 in Conjurations
  3001 | D:4      | Reached XP level 5. HP: 19/28 MP: 2/16
  3432 | D:4      | Found a staircase to the Ecumenical Temple.
  3444 | Temple   | Entered the Ecumenical Temple
  3486 | Temple   | Became a worshipper of Vehumet
  3920 | D:5      | Entered Level 5 of the Dungeon
  3971 | D:5      | Found Guuhac's Assorted Antiques.
  4208 | D:5      | Reached skill level 8 in Conjurations
  4208 | D:5      | Reached XP level 6. HP: 32/32 MP: 5/18
  4333 | D:5      | Noticed Prince Ribbit
  4343 | D:5      | Killed Prince Ribbit
  4343 | D:5      | Reached skill level 9 in Conjurations
  4343 | D:5      | Reached XP level 7. HP: 36/36 MP: 5/20
  4352 | D:5      | Learned a level 5 spell: Iskenderun's Battlesphere
  4555 | D:5      | Reached skill level 1 in Charms
  4663 | D:5      | Learned a level 2 spell: Repel Missiles
  4854 | D:6      | Noticed Blork the orc
  4863 | D:6      | Killed Blork the orc
  4990 | D:6      | Reached skill level 10 in Conjurations
  5109 | D:6      | Acquired Vehumet's first power
  5109 | D:6      | Offered knowledge of Sting by Vehumet.
  5184 | D:6      | Paralysed by a giant eyeball for 2 turns
  5514 | D:7      | Reached skill level 5 in Charms
  5514 | D:7      | Reached XP level 8. HP: 29/41 MP: 7/21
  5516 | D:7      | Found a bloodstained altar of Trog.
  5624 | D:7      | Noticed a wizard
  5767 | D:7      | Killed a wizard
  5992 | D:7      | Reached skill level 11 in Conjurations
  6092 | D:7      | Offered knowledge of Sandblast by Vehumet.
  6204 | D:7      | Learned a level 2 spell: Shroud of Golubria
  6499 | D:7      | Noticed a hog
  6499 | D:7      | Noticed a human
  6504 | D:7      | Killed a hog
  6504 | D:7      | Reached XP level 9. HP: 39/45 MP: 10/23
  6508 | D:7      | Killed a human
  6788 | D:8      | Learned a level 3 spell: Regeneration
  6886 | D:8      | Reached skill level 1 in Translocations
  6977 | D:8      | Reached skill level 5 in Spellcasting
  6977 | D:8      | Reached skill level 10 in Charms
  7163 | D:8      | Offered knowledge of Throw Flame by Vehumet.
  7167 | D:8      | Learned a level 2 spell: Throw Flame
  7207 | D:8      | Reached skill level 1 in Fighting
  7466 | D:8      | Reached skill level 12 in Conjurations
  7805 | D:9      | Slain by an ice beast

Action                   |  1- 3 |  4- 6 |  7- 9 || total
-------------------------+-------+-------+-------++-------
Melee: Sling             |       |     3 |       ||     3
 Cast: Magic Dart        |   104 |   120 |   211 ||   435
       Searing Ray       |     4 |    36 |    92 ||   132
       Iskenderun's Batt |       |       |    14 ||    14
       Repel Missiles    |       |       |     1 ||     1
  Use: Scroll            |     4 |     7 |     1 ||    12
       Potion            |       |       |     1 ||     1
